 Dungeon Crawl Stone Soup version 0.30-a0-457-g4b7bca3bfa (webtiles) character file.

Game seed: 1025640636206426524

303 bande the Covered (level 6, -9/38 HPs)
             Began as a Gargoyle Fighter on Dec 13, 2022.
             Killed by divine providence
             ... invoked by an orc priest
              (15 damage)
             ... on level 4 of the Dungeon.
             The game lasted 00:03:32 (2704 turns).

bande the Covered (Gargoyle Fighter)                Turns: 2704, Time: 00:03:32

Health: -9/38      AC:  8    Str: 19    XL:     6   Next: 38%
Magic:  6/6        EV:  9    Int:  9    God:
Gold:   179        SH:  0    Dex: 17    Spells: 5/5 levels left

rFire   . . .      SeeInvis .    a - +1 war axe
rCold   . . .      Faith    .    c - +0 buckler
rNeg    + . .      Spirit   .    k - +1 scale mail "Tiepoej" {*Corrode Regen+ Dex+6}
rPois   ∞          Reflect  .    (no helmet)
rElec   +          Harm     .    (no cloak)
rCorr   .          Rampage  .    (no gloves)
Will    .....                    (no boots)
Stlth   ..........               (no amulet)
HPRegen 1.06/turn                (no ring)
MPRegen 0.10/turn                (no ring)

@: confused, corroded
A: sickness immunity, AC +4, negative energy resistance 1, electricity
resistance, torment resistance 1, petrification resistance
a: no special abilities


You were on level 4 of the Dungeon.
You visited 1 branch of the dungeon, and saw 4 of its levels.

You collected 179 gold pieces.

Inventory:

Hand Weapons
 a - a +1 war axe (weapon)
 m - a +0 war axe
Armour
 c - a +0 buckler (worn)
 k - the +1 scale mail "Tiepoej" (worn) {*Corrode Regen+ Dex+6}
   (You found it on level 2 of the Dungeon)

   Dex:       It affects your dexterity (+6).
   Regen:     It increases your rate of health regeneration.
   *Corrode:  It may corrode you when you take damage.
Scrolls
 f - a scroll of enchant weapon
 j - a scroll of teleportation
 n - a scroll of amnesia
Potions
 b - 3 potions of heal wounds {unknown}
 d - 3 potions of might
 e - a potion of berserk rage {unknown}
 g - a potion of flight {unknown}
 h - a potion of attraction {unknown}
 i - 4 potions of curing {unknown}
 l - a potion of haste {unknown}
 o - a potion of lignification {unknown}
 p - a potion of cancellation {unknown}


   Skills:
 + Level 4.2 Fighting
 + Level 4.2 Axes
 + Level 4.3 Armour
 - Level 0.1 Dodging
 + Level 4.3 Shields


You had 5 spell levels left.
You didn't know any spells.
Your spell library contained the following spells:

 Spells                   Type           Power      Damage    Failure   Level
 Apportation              Tloc           0%         N/A       83%         1
 Necrotise                Necr           0%         1d4       83%         1
 Summon Small Mammal      Summ           0%         N/A       83%         1


Dungeon Overview and Level Annotations

Branches:
Dungeon (4/15)
 Temple: D:4-7

Altars:


Innate Abilities, Weirdness & Mutations

You are immune to sickness and miasma.
Your stone body is resilient. (AC +4)
You are immune to poison.
You resist negative energy. (rN+)
You are resistant to electric shocks. (rElec)
You are resistant to unholy torment.
You are immune to petrification.


Message History

You hit the orc wizard but do no damage.
The orc wizard is severely wounded.
You closely miss the goblin.
The orc wizard points at you and mumbles some strange words.
The magic dart hits you.
* * * LOW HITPOINT WARNING * * *
The goblin barely misses you.
You barely miss the orc wizard.
The orc wizard is severely wounded.
You barely miss the goblin.
The orc wizard gestures at you while chanting.
The magic dart hits you.
* * * LOW HITPOINT WARNING * * *
Your corrosive artefact corrodes you!
The goblin barely misses you.
The orc wizard hits you with a +0 dagger.
* * * LOW HITPOINT WARNING * * *
The goblin closely misses you.
You hit the orc wizard.
The orc wizard is almost dead.
You barely miss the goblin.
The orc wizard points at you and mumbles some strange words.
You resist with some effort. The goblin hits you but does no damage.
Unknown command.
You closely miss the orc wizard.
The orc wizard is almost dead.
You closely miss the goblin. The goblin hits you with a +0 club.
* * * LOW HITPOINT WARNING * * *
The orc wizard gestures at you while chanting.
You are confused.
You bump into the rock wall.
The goblin hits you but does no damage.
The orc wizard hits you but does no damage.
Unknown command.
You hit the orc wizard.
The orc wizard is almost dead.
You miss the goblin.
The orc wizard hits you with a +0 dagger.
* * * LOW HITPOINT WARNING * * *
The orc priest mumbles some strange prayers to Beogh against you.
Beogh smites you!
You die...

#. +# #. #.#
#. #.# #.##.##
##. #.#...#
#...##.....#
.$....g#...#
.....oo@...#
.....####.##
#.. #.# # #.#
#.# #.#
######### #.#
#.......####.#
#.#..†.......#


You could see an orc priest, an orc wizard and a goblin.

Vanquished Creatures
  A black bear (D:3)
  2 orc priests
  Jessica (D:2)
  6 adders
  2 worms (D:3)
  2 dart slugs
  6 orcs
  8 bats
  4 endoplasms
  2 giant cockroaches
  10 hobgoblins
  4 jackals (D:2)
  3 kobolds (D:1)
  2 quokkas (D:1)
  5 ball pythons
  2 frilled lizards
  3 goblins
  A rat (D:2)
64 creatures vanquished.

Notes
Turn   | Place    | Note
-------+----------+-------------------------------------------
     0 | D:1      | bande the Gargoyle Fighter began the quest for the Orb.
     0 | D:1      | Reached XP level 1. HP: 14/14 MP: 1/1
   207 | D:1      | Reached XP level 2. HP: 19/19 MP: 2/2
   808 | D:2      | Noticed Jessica
   816 | D:2      | Killed Jessica
   817 | D:2      | Reached XP level 3. HP: 18/24 MP: 3/3
   881 | D:2      | Identified the +1 scale mail "Tiepoej" {*Corrode Regen+
                  | Dex+6}
   891 | D:2      | Reached XP level 4. HP: 23/29 MP: 4/4
  1687 | D:3      | Noticed a black bear
  1696 | D:3      | Killed a black bear
  1697 | D:3      | Reached XP level 5. HP: 16/33 MP: 5/5
  1924 | D:3      | Reached XP level 6. HP: 29/38 MP: 6/6
  2704 | D:4      | Killed from afar by an orc priest

Illustrated notes

Levels and vault maps discovered:
D:1:      lightli_arrival_chessboard, layout_basic
D:2:      layout_basic, serial_rivers, chequers_serial_rivers_large_a,
          chequers_serial_rivers_room_a, chequers_serial_rivers_small_3,
          chequers_serial_rivers_micro_e, uniq_jessica
D:3:      layout_loops_cross, chequers_hall_statues_wall_a
D:4:      layout_loops_corners, uniq_crazy_yiuf_cottage, uniq_ijyb

Skill      XL: |  1  2  3  4  5 |
---------------+----------------+-----
Axes           | 2 3 4 |  4.2
Shields        | 4 |  4.3
Fighting       | 4 |  4.2
Armour         | 4 |  4.3
Dodging        | |  0.1

Action                   |  1- 3 |  4- 6 || total
-------------------------+-------+-------++-------
Melee: War axe           |    70 |   125 ||   195
  Use: Scroll            |       |     6 ||     6
Armor: Scale mail        |    55 |    91 ||   146
Dodge: Dodged            |    34 |    60 ||    94
Block: Buckler           |    17 |    46 ||    63

Table legend: (Time is in decaauts)
 A = Elapsed time spent in this place.
 B = Non-inter-level travel time spent in this place.
 C = Inter-level travel time spent in this place.
 D = Time resting spent in this place.
 E = Time spent auto-exploring this place.
 F = Levels seen in this place.
 G = Mean time per level.
                   A        B        C        D        E       F      G
               +--------+--------+--------+--------+--------+-----+--------+
         Total |   2797 |   2553 |    244 |    127 |   1924 |   4 |  699.2 |
       Dungeon |   2797 |   2553 |    244 |    127 |   1924 |   4 |  699.2 |
               +--------+--------+--------+--------+--------+-----+--------+

Top non-repeatable levels by time:
     D:2: 919 daAuts
     D:3: 870 daAuts
     D:1: 827 daAuts
     D:4: 178 daAuts
